 Dungeon Crawl Stone Soup version 0.17-a0-670-g5d95ebd (webtiles) character file.

31 wotan the Skirmisher (level 3, 2/33 HPs)
             Began as a Minotaur Berserker on Apr 18, 2015.
             Was a Believer of Trog.
             Drowned
             ... on level 2 of the Dungeon.
             The game lasted 00:12:17 (1306 turns).

wotan the Skirmisher (Minotaur Berserker)           Turns: 1306, Time: 00:12:17

Health: 2/33       AC:  6    Str: 22    XL:     3   Next: 7%
Magic:  2/2        EV: 11    Int:  4    God:    Trog [**....]
Gold:   136        SH:  0    Dex:  9    Spells: 0 memorised, 2 levels left

rFire  . . .     SeeInvis .     a - +0 spear
rCold  . . .     Clarity  .     i - +0 ring mail
rNeg   . . .     SustAb   .     (no shield)
rPois  .         Gourm    .     (helmet restricted)
rElec  .         Spirit   .     g - +0 cloak
rCorr  .         Warding  .     (no gloves)
rMut   .         Stasis   .     (no boots)
MR     .....                    (no amulet)
Stlth  ..........               (no ring)
                                (no ring)

@: confused, not resistant to hostile enchantments, extremely unstealthy
A: retaliatory headbutt, horns 2
a: Burn Spellbooks, Berserk, Trog's Hand, Renounce Religion


You were on level 2 of the Dungeon.
You worshipped Trog.
Trog was pleased with you.
You were not hungry.

You visited 1 branch of the dungeon, and saw 2 of its levels.

You collected 136 gold pieces.

Inventory:

Hand weapons
 a - a +0 spear (weapon)
Missiles
 e - 89 stones (quivered)
Armour
 b - a +0 animal skin
 f - a +0 leather armour
 g - a +0 cloak (worn)
 i - a +0 ring mail (worn)
Magical devices
 p - a wand of slowing (25)
Scrolls
 m - 2 scrolls of identify
 q - a scroll of enchant weapon {unknown}
Potions
 d - a potion of agility
 h - a potion of cure mutation {unknown}
 j - a potion of ambrosia {unknown}
 k - a potion of mutation {unknown}
 l - a potion of flight {unknown}
 n - a potion of curing {unknown}
Comestibles
 c - 2 bread rations
 o - 2 chunks of flesh


   Skills:
 + Level 4.3 Fighting
 + Level 4.1 Polearms
 + Level 0.2 Throwing
 + Level 2.6 Armour
 + Level 2.5 Dodging


You had 2 spell levels left.
You didn't know any spells.

Dungeon Overview and Level Annotations

Branches:
Dungeon (2/15)

Altars:
Elyvilon

Annotations:
D:2 Sigmund


Innate Abilities, Weirdness & Mutations

You reflexively headbutt those who attack you in melee.
You have a pair of horns on your head.


Message History

Are you sure you want to stumble around while confused and next to deep water?
Sigmund misses you.
Sigmund hits you from afar with a scythe!
* * * LOW HITPOINT WARNING * * *
Are you sure you want to stumble around while confused and next to deep water?
Sigmund gestures at you while chanting. You resist with significant effort.
Are you sure you want to stumble around while confused and next to deep water?
Are you sure you want to stumble around while confused and next to deep water?
You enter the shallow water.
Moving in this stuff is going to be slow.
Sigmund closely misses you.
Sigmund is nearby!
Sigmund is nearby!
Are you sure you want to stumble around while confused and next to deep water?
You're too confused to move!
Sigmund closely misses you.
Are you sure you want to stumble around while confused and next to deep water?
You fall into the water!
You sink like a stone!
You drown...
You die...

....##.....# .
....###...## .#
....##.....# .#
....#.##.##.# .##
.....###.# .. ##..###
.......#.#######.....##
####...#.#............##
....#............≈≈≈...#
....#...........@≈≈≈≈..#
................≈≈♣≈≈..#
.......#........≈≈≈≈≈..#
.......##..##♣..@≈≈≈...♣
..........## ♣♣.......♣♣
..........# ♣♣.....♣♣
..........# ♣♣...♣♣
##........# ♣♣.....♣♣
.......... ♣♣.......♣♣


You could see Sigmund.

Vanquished Creatures
  A worm (D:2)
  A ball python (D:1)
  A giant cockroach (D:1)
  4 hobgoblins
  3 jackals (D:2)
  4 kobolds (D:1)
  3 bats (D:1)
  A giant newt (D:1)
  6 goblins
  3 rats
27 creatures vanquished.

Notes
Turn   | Place    | Note
--------------------------------------------------------------
     0 | D:1      | wotan, the Minotaur Berserker, began the quest for the Orb.
     0 | D:1      | Reached XP level 1. HP: 19/19 MP: 0/0
   379 | D:1      | Reached skill level 4 in Fighting
   409 | D:1      | Reached XP level 2. HP: 27/27 MP: 1/1
  1015 | D:2      | Noticed Sigmund
  1174 | D:2      | Acquired Trog's second power
  1174 | D:2      | Reached XP level 3. HP: 26/33 MP: 2/2
  1277 | D:2      | Found a white marble altar of Elyvilon.
  1301 | D:2      | HP: 1/33 [Sigmund/scythe (12)]
  1306 | D:2      | Drowned

Action                   || total
-------------------------++-------
Melee: Spear             ||    53
Throw: Stone             ||     4
  Use: Scroll            ||     6
  Eat: Chunk             ||     1
